 Dungeon Crawl Stone Soup version 0.29.1 (webtiles) character file.

Game seed: 17156733202926285015

534 Icepheonix32 the Zephyrmancer (level 7, 0/36 HPs)
             Began as a Tengu Air Elementalist on Sept 12, 2022.
             Slain by a kobold brigand
             ... wielding a +0 whip of electrocution
              (9 damage)
             ... in a sewer.
             The game lasted 00:09:43 (3764 turns).

Icepheonix32 the Zephyrmancer (TeAE)                Turns: 3764, Time: 00:09:44

Health: 0/36       AC:  4    Str: 14    XL:     7   Next: 25%
Magic:  6/11       EV: 14    Int: 17    God:
Gold:   194        SH:  0    Dex: 15    Spells: 0/10 levels left

rFire   . . .      SeeInvis .   k - +3 spear
rCold   . . .      Faith    .   (no shield)
rNeg    . . .      Spirit   .   w - +0 leather armour
rPois   .          Reflect  .   (helmet restricted)
rElec   .          Harm     .   q - +0 cloak
rCorr   .          Rampage  .   (no gloves)
Will    .....                   (boots unavailable)
Stlth   ++........              (no amulet)
HPRegen 0.12/turn               l - +6 ring of strength
MPRegen 0.12/turn               (no ring)

@: flying quickly and evasively, very slightly contaminated, slowed, very slow
A: beak, talons 3, nimble flight
a: no special abilities


You were in a sewer.
You visited 1 branch of the dungeon, and saw 4 of its levels.
You also visited: Sewer.

You collected 194 gold pieces.

Inventory:

Hand Weapons
 k - a +3 spear (weapon)
 s - a +1 falchion of draining
Missiles
 g - 5 javelins
 m - 4 poisoned darts
Armour
 a - a +0 robe
 q - a +0 cloak (worn)
 w - a +0 leather armour (worn)
Magical Staves
 h - a staff of cold
Jewellery
 c - a ring of ice
 l - a +6 ring of strength (left hand)
Wands
 r - a wand of light (5)
Scrolls
 d - a scroll of blinking
 e - 4 scrolls of identify
 f - a scroll of fear
 n - a scroll of amnesia
 o - 2 scrolls of teleportation
 x - a scroll of immolation {unknown}
Potions
 b - a potion of magic
 i - 2 potions of resistance
 j - a potion of lignification
 t - a potion of haste {unknown}
 u - a potion of flight {unknown}
 v - a potion of might {unknown}


   Skills:
 + Level 2.7 Dodging
 + Level 2.0 Stealth
 + Level 2.0 Spellcasting
 * Level 1.5 Conjurations
 + Level 10.3 Air Magic


You couldn't memorise any spells.
You knew the following spells:

 Your Spells              Type           Power      Damage    Failure   Level
a - Shock                 Conj/Air       84%        1d8       2%          1
b - Static Discharge      Conj/Air       21%        3-6/arc   3%          2
c - Swiftness             Air            36%        N/A       1%          3
d - Airstrike             Air            18%        2d(3-19)  3%          4

Your spell library contained the following spells:

 Spells                   Type           Power      Damage    Failure   Level
 Magic Dart               Conj           24%        1d4       13%         1
 Mephitic Cloud           Conj/Pois/Air  15%        N/A       14%         3
 Searing Ray              Conj           12%        2d4       21%         2
 Apportation              Tloc           2%         N/A       24%         1
 Necrotise                Necr           4%         1d4       24%         1
 Summon Small Mammal      Summ           4%         N/A       24%         1
 Blink                    Tloc           2%         N/A       36%         2
 Call Imp                 Summ           1%         N/A       36%         2
 Fulminant Prism          Conj/Hex       2%         3d6       87%         4
 Manifold Assault         Tloc           1%         N/A       100%        5
 Storm Form               Tmut/Air       9%         N/A       100%        7


Dungeon Overview and Level Annotations

Branches:
Dungeon (4/15)              Sewer (1/1)
 Temple: D:4-7

Altars:


Innate Abilities, Weirdness & Mutations

You have a beak for a mouth.
You have claws for feet.
Your magical nature lets you fly swiftly and evasively.


Message History

Press: ? - help, Shift-Dir - straight line, f - kobold brigand
Aim: a kobold brigand, wielding a +0 whip of electrocution and quivering curare-tipped darts (lightly wounded, 67% to hit)
The zap hits the kobold brigand.
The kobold brigand is moderately wounded.
Casting: Shock (safe; 2% risk of failure)
Confirm with . or Enter, or press ? or * to list all spells.
Aiming: Shock (safe; 2% risk of failure)
Press: ? - help, Shift-Dir - straight line, f/p - kobold brigand
Aim: a kobold brigand, wielding a +0 whip of electrocution and quivering curare-tipped darts (moderately wounded, 67% to hit)
The zap hits the kobold brigand.
The kobold brigand is heavily wounded.
The kobold brigand throws a curare-tipped dart.
The curare-tipped dart hits you.
You are poisoned.
You have difficulty breathing.
You feel yourself slow down.
You feel very sick.
You feel sick.
The kobold brigand throws a curare-tipped dart.
The curare-tipped dart barely misses you.
You feel sick.
The kobold brigand throws a curare-tipped dart.
The curare-tipped dart hits you.
You are more poisoned.
You have difficulty breathing.
You feel as though you will be slow longer.
The kobold brigand throws a curare-tipped dart.
The curare-tipped dart closely misses you.
Casting: Shock (safe; 2% risk of failure)
Confirm with . or Enter, or press ? or * to list all spells.
Okay, then.
You feel better.
The kobold brigand hits you with a +0 whip of electrocution.
You are electrocuted!
* * * LOW HITPOINT WARNING * * *
You see here a scroll labelled SYFUICKEXA.
You barely miss the kobold brigand.
You peck the kobold brigand, but do no damage.
The kobold brigand is moderately wounded.
The kobold brigand hits you with a +0 whip of electrocution!
You die...

#~# # ##~## ≈##
##.~.## ...#
####†∩~.~#####.!...
..~~~~..∩.~≈≈≈≈≈~..~~
.~####..~..##≈##.~~?~
##~~.###~# ~.#
##≈####.## # #≈#
#.@.# #≈##~!K!.#
#≈###.?.## #≈ ##~##
.~ ###


You could see a kobold brigand.

Vanquished Creatures
  Duvessa (D:4)
  An ogre (D:4)
  A scorpion (D:4)
  Dowan (D:4)
  A jelly (D:4)
  A gnoll bouda (D:4)
  An iguana (D:4)
  3 gnolls (D:4)
  3 adders
  5 worms
  3 dart slugs
  4 orcs
  9 endoplasms
  6 goblins
  12 hobgoblins
  7 kobolds
  A quokka (D:1)
  6 ball pythons
  7 bats
  3 frilled lizards
  10 rats
86 creatures vanquished.

Notes
Turn   | Place    | Note
-------+----------+-------------------------------------------
     0 | D:1      | Icepheonix32 the Tengu Air Elementalist began the quest for
                  | the Orb.
     0 | D:1      | Reached XP level 1. HP: 10/10 MP: 4/4
   220 | D:1      | Reached XP level 2. HP: 15/15 MP: 1/6
   468 | D:1      | Reached skill level 5 in Air Magic
   807 | D:1      | Reached XP level 3. HP: 16/19 MP: 0/7
  1867 | D:2      | Reached skill level 6 in Air Magic
  1994 | D:2      | Reached XP level 4. HP: 24/24 MP: 4/8
  2548 | D:3      | Learned a level 2 spell: Static Discharge
  2552 | D:3      | Learned a level 3 spell: Swiftness
  3019 | D:4      | Noticed an ogre
  3033 | D:4      | Killed an ogre
  3034 | D:4      | Reached skill level 8 in Air Magic
  3034 | D:4      | Gained mutation: Your magical nature lets you fly swiftly
                  | and evasively. [Tengu growth]
  3034 | D:4      | Reached XP level 5. HP: 28/28 MP: 3/9
  3131 | D:4      | Reached XP level 6. HP: 32/32 MP: 1/10
  3205 | D:4      | Reached skill level 9 in Air Magic
  3314 | D:4      | Noticed Duvessa
  3314 | D:4      | Noticed Dowan
  3329 | D:4      | Killed Duvessa
  3330 | D:4      | Reached skill level 10 in Air Magic
  3330 | D:4      | Reached XP level 7. HP: 11/36 MP: 2/11
  3332 | D:4      | Killed Dowan
  3349 | D:4      | Learned a level 4 spell: Airstrike
  3532 | D:4      | Found a glowing drain.
  3538 | Sewer    | Entered a sewer
  3764 | Sewer    | Slain by a kobold brigand

Illustrated notes

Levels and vault maps discovered:
D:1:      eino_arrival_cavern_b, layout_basic, chequers_serial_rivers_room_b
D:2:      layout_basic
D:3:      layout_rooms
D:4:      layout_loops_ring, portal_sewer_entry_e, uniq_duvessa
Sewer:    sewer_co_15_rooms

Skill      XL: |  1  2  3  4  5  6 |
---------------+-------------------+-----
Air Magic      | 5 6 8 10 | 10.3
Dodging        | |  2.7
Stealth        | |  2.0
Spellcasting   | |  2.0
Conjurations   | |  1.5

Action                   |  1- 3 |  4- 6 |  7- 9 || total
-------------------------+-------+-------+-------++-------
Melee: Unarmed           |     5 |       |       ||     5
       Kick              |     1 |     2 |     3 ||     6
       Spear             |     2 |    15 |     9 ||    26
       Peck              |       |     3 |     1 ||     4
       Punch             |       |       |     1 ||     1
 Cast: Shock             |    77 |    68 |    15 ||   160
       Static Discharge  |       |     2 |     2 ||     4
  Use: Scroll            |       |     7 |       ||     7
       Potion            |       |       |     2 ||     2
 Stab: Sleeping          |       |     1 |       ||     1
Armor: Robe              |     6 |     1 |       ||     7
       Leather armour    |       |       |     1 ||     1
Dodge: Dodged            |    16 |    10 |     7 ||    33
